%YAML 1.1
%TAG !u! tag:unity3d.com,2011:
--- !u!1 &3082637313932237428
GameObject:
  m_ObjectHideFlags: 0
  m_CorrespondingSourceObject: {fileID: 0}
  m_PrefabInstance: {fileID: 0}
  m_PrefabAsset: {fileID: 0}
  serializedVersion: 6
  m_Component:
  - component: {fileID: 7933483797993830709}
  - component: {fileID: 990789708890988036}
  - component: {fileID: 6972501240258772}
  - component: {fileID: 89363150584773138}
  m_Layer: 8
  m_Name: Muro (7)
  m_TagString: Muro
  m_Icon: {fileID: 0}
  m_NavMeshLayer: 0
  m_StaticEditorFlags: 0
  m_IsActive: 1
--- !u!4 &7933483797993830709
Transform:
  m_ObjectHideFlags: 0
  m_CorrespondingSourceObject: {fileID: 0}
  m_PrefabInstance: {fileID: 0}
  m_PrefabAsset: {fileID: 0}
  m_GameObject: {fileID: 3082637313932237428}
  m_LocalRotation: {x: -0, y: 0.7071068, z: -0, w: 0.7071068}
  m_LocalPosition: {x: -6, y: 0, z: -6.6}
  m_LocalScale: {x: 1, y: 10, z: 9.6}
  m_ConstrainProportionsScale: 0
  m_Children: []
  m_Father: {fileID: 1564152107172565405}
  m_RootOrder: -1
  m_LocalEulerAnglesHint: {x: 0, y: 90, z: 0}
--- !u!33 &990789708890988036
MeshFilter:
  m_ObjectHideFlags: 0
  m_CorrespondingSourceObject: {fileID: 0}
  m_PrefabInstance: {fileID: 0}
  m_PrefabAsset: {fileID: 0}
  m_GameObject: {fileID: 3082637313932237428}
  m_Mesh: {fileID: 10202, guid: 0000000000000000e000000000000000, type: 0}
--- !u!23 &6972501240258772
MeshRenderer:
  m_ObjectHideFlags: 0
  m_CorrespondingSourceObject: {fileID: 0}
  m_PrefabInstance: {fileID: 0}
  m_PrefabAsset: {fileID: 0}
  m_GameObject: {fileID: 3082637313932237428}
  m_Enabled: 1
  m_CastShadows: 1
  m_ReceiveShadows: 1
  m_DynamicOccludee: 1
  m_StaticShadowCaster: 0
  m_MotionVectors: 1
  m_LightProbeUsage: 1
  m_ReflectionProbeUsage: 1
  m_RayTracingMode: 2
  m_RayTraceProcedural: 0
  m_RenderingLayerMask: 1
  m_RendererPriority: 0
  m_Materials:
  - {fileID: 2100000, guid: d25f5679ac8b89a4b9d0d6b616af1906, type: 2}
  m_StaticBatchInfo:
    firstSubMesh: 0
    subMeshCount: 0
  m_StaticBatchRoot: {fileID: 0}
  m_ProbeAnchor: {fileID: 0}
  m_LightProbeVolumeOverride: {fileID: 0}
  m_ScaleInLightmap: 1
  m_ReceiveGI: 1
  m_PreserveUVs: 0
  m_IgnoreNormalsForChartDetection: 0
  m_ImportantGI: 0
  m_StitchLightmapSeams: 1
  m_SelectedEditorRenderState: 3
  m_MinimumChartSize: 4
  m_AutoUVMaxDistance: 0.5
  m_AutoUVMaxAngle: 89
  m_LightmapParameters: {fileID: 0}
  m_SortingLayerID: 0
  m_SortingLayer: 0
  m_SortingOrder: 0
  m_AdditionalVertexStreams: {fileID: 0}
--- !u!65 &89363150584773138
BoxCollider:
  m_ObjectHideFlags: 0
  m_CorrespondingSourceObject: {fileID: 0}
  m_PrefabInstance: {fileID: 0}
  m_PrefabAsset: {fileID: 0}
  m_GameObject: {fileID: 3082637313932237428}
  m_Material: {fileID: 0}
  m_IncludeLayers:
    serializedVersion: 2
    m_Bits: 0
  m_ExcludeLayers:
    serializedVersion: 2
    m_Bits: 0
  m_LayerOverridePriority: 0
  m_IsTrigger: 0
  m_ProvidesContacts: 0
  m_Enabled: 1
  serializedVersion: 3
  m_Size: {x: 1, y: 1, z: 1}
  m_Center: {x: 0, y: 0, z: 0}
--- !u!1 &3223238241088044925
GameObject:
  m_ObjectHideFlags: 0
  m_CorrespondingSourceObject: {fileID: 0}
  m_PrefabInstance: {fileID: 0}
  m_PrefabAsset: {fileID: 0}
  serializedVersion: 6
  m_Component:
  - component: {fileID: 865161496853962381}
  - component: {fileID: 6372029230079449268}
  - component: {fileID: 293873184498031907}
  - component: {fileID: 335648974754468335}
  m_Layer: 8
  m_Name: Muro (5)
  m_TagString: Muro
  m_Icon: {fileID: 0}
  m_NavMeshLayer: 0
  m_StaticEditorFlags: 0
  m_IsActive: 1
--- !u!4 &865161496853962381
Transform:
  m_ObjectHideFlags: 0
  m_CorrespondingSourceObject: {fileID: 0}
  m_PrefabInstance: {fileID: 0}
  m_PrefabAsset: {fileID: 0}
  m_GameObject: {fileID: 3223238241088044925}
  m_LocalRotation: {x: -0, y: -0, z: -0, w: 1}
  m_LocalPosition: {x: 1.7, y: 0, z: 1.7}
  m_LocalScale: {x: 1, y: 10, z: 17}
  m_ConstrainProportionsScale: 0
  m_Children: []
  m_Father: {fileID: 1564152107172565405}
  m_RootOrder: -1
  m_LocalEulerAnglesHint: {x: 0, y: 0, z: 0}
--- !u!33 &6372029230079449268
MeshFilter:
  m_ObjectHideFlags: 0
  m_CorrespondingSourceObject: {fileID: 0}
  m_PrefabInstance: {fileID: 0}
  m_PrefabAsset: {fileID: 0}
  m_GameObject: {fileID: 3223238241088044925}
  m_Mesh: {fileID: 10202, guid: 0000000000000000e000000000000000, type: 0}
--- !u!23 &293873184498031907
MeshRenderer:
  m_ObjectHideFlags: 0
  m_CorrespondingSourceObject: {fileID: 0}
  m_PrefabInstance: {fileID: 0}
  m_PrefabAsset: {fileID: 0}
  m_GameObject: {fileID: 3223238241088044925}
  m_Enabled: 1
  m_CastShadows: 1
  m_ReceiveShadows: 1
  m_DynamicOccludee: 1
  m_StaticShadowCaster: 0
  m_MotionVectors: 1
  m_LightProbeUsage: 1
  m_ReflectionProbeUsage: 1
  m_RayTracingMode: 2
  m_RayTraceProcedural: 0
  m_RenderingLayerMask: 1
  m_RendererPriority: 0
  m_Materials:
  - {fileID: 2100000, guid: d25f5679ac8b89a4b9d0d6b616af1906, type: 2}
  m_StaticBatchInfo:
    firstSubMesh: 0
    subMeshCount: 0
  m_StaticBatchRoot: {fileID: 0}
  m_ProbeAnchor: {fileID: 0}
  m_LightProbeVolumeOverride: {fileID: 0}
  m_ScaleInLightmap: 1
  m_ReceiveGI: 1
  m_PreserveUVs: 0
  m_IgnoreNormalsForChartDetection: 0
  m_ImportantGI: 0
  m_StitchLightmapSeams: 1
  m_SelectedEditorRenderState: 3
  m_MinimumChartSize: 4
  m_AutoUVMaxDistance: 0.5
  m_AutoUVMaxAngle: 89
  m_LightmapParameters: {fileID: 0}
  m_SortingLayerID: 0
  m_SortingLayer: 0
  m_SortingOrder: 0
  m_AdditionalVertexStreams: {fileID: 0}
--- !u!65 &335648974754468335
BoxCollider:
  m_ObjectHideFlags: 0
  m_CorrespondingSourceObject: {fileID: 0}
  m_PrefabInstance: {fileID: 0}
  m_PrefabAsset: {fileID: 0}
  m_GameObject: {fileID: 3223238241088044925}
  m_Material: {fileID: 0}
  m_IncludeLayers:
    serializedVersion: 2
    m_Bits: 0
  m_ExcludeLayers:
    serializedVersion: 2
    m_Bits: 0
  m_LayerOverridePriority: 0
  m_IsTrigger: 0
  m_ProvidesContacts: 0
  m_Enabled: 1
  serializedVersion: 3
  m_Size: {x: 1, y: 1, z: 1}
  m_Center: {x: 0, y: 0, z: 0}
--- !u!1 &3872884748380799151
GameObject:
  m_ObjectHideFlags: 0
  m_CorrespondingSourceObject: {fileID: 0}
  m_PrefabInstance: {fileID: 0}
  m_PrefabAsset: {fileID: 0}
  serializedVersion: 6
  m_Component:
  - component: {fileID: 1564152107172565405}
  m_Layer: 0
  m_Name: Targets
  m_TagString: Untagged
  m_Icon: {fileID: 0}
  m_NavMeshLayer: 0
  m_StaticEditorFlags: 0
  m_IsActive: 1
--- !u!4 &1564152107172565405
Transform:
  m_ObjectHideFlags: 0
  m_CorrespondingSourceObject: {fileID: 0}
  m_PrefabInstance: {fileID: 0}
  m_PrefabAsset: {fileID: 0}
  m_GameObject: {fileID: 3872884748380799151}
  m_LocalRotation: {x: 0, y: 0, z: 0, w: 1}
  m_LocalPosition: {x: 0, y: 0, z: 0}
  m_LocalScale: {x: 1, y: 1, z: 1}
  m_ConstrainProportionsScale: 0
  m_Children:
  - {fileID: 4542663485891424477}
  - {fileID: 7933483797993830709}
  - {fileID: 865161496853962381}
  - {fileID: 6620381892967332666}
  - {fileID: 3070208849913028327}
  - {fileID: 5469193077546265235}
  - {fileID: 680380248619235490}
  - {fileID: 6816609387088040664}
  - {fileID: 4971154247433801957}
  - {fileID: 8625147787575912175}
  m_Father: {fileID: 5029461075644088656}
  m_RootOrder: 1
  m_LocalEulerAnglesHint: {x: 0, y: 0, z: 0}
--- !u!1 &5029461075644088659
GameObject:
  m_ObjectHideFlags: 0
  m_CorrespondingSourceObject: {fileID: 0}
  m_PrefabInstance: {fileID: 0}
  m_PrefabAsset: {fileID: 0}
  serializedVersion: 6
  m_Component:
  - component: {fileID: 5029461075644088656}
  - component: {fileID: 1641218374968886161}
  m_Layer: 0
  m_Name: T Base
  m_TagString: Untagged
  m_Icon: {fileID: 0}
  m_NavMeshLayer: 0
  m_StaticEditorFlags: 0
  m_IsActive: 1
--- !u!4 &5029461075644088656
Transform:
  m_ObjectHideFlags: 0
  m_CorrespondingSourceObject: {fileID: 0}
  m_PrefabInstance: {fileID: 0}
  m_PrefabAsset: {fileID: 0}
  m_GameObject: {fileID: 5029461075644088659}
  m_LocalRotation: {x: 0, y: 0, z: 0, w: 1}
  m_LocalPosition: {x: 0, y: 0, z: 0}
  m_LocalScale: {x: 1, y: 1, z: 1}
  m_ConstrainProportionsScale: 0
  m_Children:
  - {fileID: 1413699250669313522}
  - {fileID: 1564152107172565405}
  - {fileID: 5734559030032782534}
  - {fileID: 3362514161653664323}
  m_Father: {fileID: 0}
  m_RootOrder: 0
  m_LocalEulerAnglesHint: {x: 0, y: 0, z: 0}
--- !u!114 &1641218374968886161
MonoBehaviour:
  m_ObjectHideFlags: 0
  m_CorrespondingSourceObject: {fileID: 0}
  m_PrefabInstance: {fileID: 0}
  m_PrefabAsset: {fileID: 0}
  m_GameObject: {fileID: 5029461075644088659}
  m_Enabled: 1
  m_EditorHideFlags: 0
  m_Script: {fileID: 11500000, guid: 3f7c6a01ab2137d4db5915922572c4e0, type: 3}
  m_Name: 
  m_EditorClassIdentifier: 
  maxSteps: 500
  canvasScore: {fileID: 670272202179545059}
--- !u!1 &6593092561871583926
GameObject:
  m_ObjectHideFlags: 0
  m_CorrespondingSourceObject: {fileID: 0}
  m_PrefabInstance: {fileID: 0}
  m_PrefabAsset: {fileID: 0}
  serializedVersion: 6
  m_Component:
  - component: {fileID: 4542663485891424477}
  - component: {fileID: 8330231135950277722}
  - component: {fileID: 4798147054329234692}
  - component: {fileID: 2717696394179755848}
  m_Layer: 8
  m_Name: Muro (8)
  m_TagString: Muro
  m_Icon: {fileID: 0}
  m_NavMeshLayer: 0
  m_StaticEditorFlags: 0
  m_IsActive: 1
--- !u!4 &4542663485891424477
Transform:
  m_ObjectHideFlags: 0
  m_CorrespondingSourceObject: {fileID: 0}
  m_PrefabInstance: {fileID: 0}
  m_PrefabAsset: {fileID: 0}
  m_GameObject: {fileID: 6593092561871583926}
  m_LocalRotation: {x: -0, y: 0.7071068, z: -0, w: 0.7071068}
  m_LocalPosition: {x: 6, y: 0, z: -6.6}
  m_LocalScale: {x: 1, y: 10, z: 9.6}
  m_ConstrainProportionsScale: 0
  m_Children: []
  m_Father: {fileID: 1564152107172565405}
  m_RootOrder: -1
  m_LocalEulerAnglesHint: {x: 0, y: 90, z: 0}
--- !u!33 &8330231135950277722
MeshFilter:
  m_ObjectHideFlags: 0
  m_CorrespondingSourceObject: {fileID: 0}
  m_PrefabInstance: {fileID: 0}
  m_PrefabAsset: {fileID: 0}
  m_GameObject: {fileID: 6593092561871583926}
  m_Mesh: {fileID: 10202, guid: 0000000000000000e000000000000000, type: 0}
--- !u!23 &4798147054329234692
MeshRenderer:
  m_ObjectHideFlags: 0
  m_CorrespondingSourceObject: {fileID: 0}
  m_PrefabInstance: {fileID: 0}
  m_PrefabAsset: {fileID: 0}
  m_GameObject: {fileID: 6593092561871583926}
  m_Enabled: 1
  m_CastShadows: 1
  m_ReceiveShadows: 1
  m_DynamicOccludee: 1
  m_StaticShadowCaster: 0
  m_MotionVectors: 1
  m_LightProbeUsage: 1
  m_ReflectionProbeUsage: 1
  m_RayTracingMode: 2
  m_RayTraceProcedural: 0
  m_RenderingLayerMask: 1
  m_RendererPriority: 0
  m_Materials:
  - {fileID: 2100000, guid: d25f5679ac8b89a4b9d0d6b616af1906, type: 2}
  m_StaticBatchInfo:
    firstSubMesh: 0
    subMeshCount: 0
  m_StaticBatchRoot: {fileID: 0}
  m_ProbeAnchor: {fileID: 0}
  m_LightProbeVolumeOverride: {fileID: 0}
  m_ScaleInLightmap: 1
  m_ReceiveGI: 1
  m_PreserveUVs: 0
  m_IgnoreNormalsForChartDetection: 0
  m_ImportantGI: 0
  m_StitchLightmapSeams: 1
  m_SelectedEditorRenderState: 3
  m_MinimumChartSize: 4
  m_AutoUVMaxDistance: 0.5
  m_AutoUVMaxAngle: 89
  m_LightmapParameters: {fileID: 0}
  m_SortingLayerID: 0
  m_SortingLayer: 0
  m_SortingOrder: 0
  m_AdditionalVertexStreams: {fileID: 0}
--- !u!65 &2717696394179755848
BoxCollider:
  m_ObjectHideFlags: 0
  m_CorrespondingSourceObject: {fileID: 0}
  m_PrefabInstance: {fileID: 0}
  m_PrefabAsset: {fileID: 0}
  m_GameObject: {fileID: 6593092561871583926}
  m_Material: {fileID: 0}
  m_IncludeLayers:
    serializedVersion: 2
    m_Bits: 0
  m_ExcludeLayers:
    serializedVersion: 2
    m_Bits: 0
  m_LayerOverridePriority: 0
  m_IsTrigger: 0
  m_ProvidesContacts: 0
  m_Enabled: 1
  serializedVersion: 3
  m_Size: {x: 1, y: 1, z: 1}
  m_Center: {x: 0, y: 0, z: 0}
--- !u!1 &7289603986746098131
GameObject:
  m_ObjectHideFlags: 0
  m_CorrespondingSourceObject: {fileID: 0}
  m_PrefabInstance: {fileID: 0}
  m_PrefabAsset: {fileID: 0}
  serializedVersion: 6
  m_Component:
  - component: {fileID: 6620381892967332666}
  - component: {fileID: 8447794925343249556}
  - component: {fileID: 3838651287860870075}
  - component: {fileID: 892365714058424015}
  m_Layer: 8
  m_Name: Muro (4)
  m_TagString: Muro
  m_Icon: {fileID: 0}
  m_NavMeshLayer: 0
  m_StaticEditorFlags: 0
  m_IsActive: 1
--- !u!4 &6620381892967332666
Transform:
  m_ObjectHideFlags: 0
  m_CorrespondingSourceObject: {fileID: 0}
  m_PrefabInstance: {fileID: 0}
  m_PrefabAsset: {fileID: 0}
  m_GameObject: {fileID: 7289603986746098131}
  m_LocalRotation: {x: -0, y: -0, z: -0, w: 1}
  m_LocalPosition: {x: -1.7, y: 0, z: 1.7}
  m_LocalScale: {x: 1, y: 10, z: 17}
  m_ConstrainProportionsScale: 0
  m_Children: []
  m_Father: {fileID: 1564152107172565405}
  m_RootOrder: -1
  m_LocalEulerAnglesHint: {x: 0, y: 0, z: 0}
--- !u!33 &8447794925343249556
MeshFilter:
  m_ObjectHideFlags: 0
  m_CorrespondingSourceObject: {fileID: 0}
  m_PrefabInstance: {fileID: 0}
  m_PrefabAsset: {fileID: 0}
  m_GameObject: {fileID: 7289603986746098131}
  m_Mesh: {fileID: 10202, guid: 0000000000000000e000000000000000, type: 0}
--- !u!23 &3838651287860870075
MeshRenderer:
  m_ObjectHideFlags: 0
  m_CorrespondingSourceObject: {fileID: 0}
  m_PrefabInstance: {fileID: 0}
  m_PrefabAsset: {fileID: 0}
  m_GameObject: {fileID: 7289603986746098131}
  m_Enabled: 1
  m_CastShadows: 1
  m_ReceiveShadows: 1
  m_DynamicOccludee: 1
  m_StaticShadowCaster: 0
  m_MotionVectors: 1
  m_LightProbeUsage: 1
  m_ReflectionProbeUsage: 1
  m_RayTracingMode: 2
  m_RayTraceProcedural: 0
  m_RenderingLayerMask: 1
  m_RendererPriority: 0
  m_Materials:
  - {fileID: 2100000, guid: d25f5679ac8b89a4b9d0d6b616af1906, type: 2}
  m_StaticBatchInfo:
    firstSubMesh: 0
    subMeshCount: 0
  m_StaticBatchRoot: {fileID: 0}
  m_ProbeAnchor: {fileID: 0}
  m_LightProbeVolumeOverride: {fileID: 0}
  m_ScaleInLightmap: 1
  m_ReceiveGI: 1
  m_PreserveUVs: 0
  m_IgnoreNormalsForChartDetection: 0
  m_ImportantGI: 0
  m_StitchLightmapSeams: 1
  m_SelectedEditorRenderState: 3
  m_MinimumChartSize: 4
  m_AutoUVMaxDistance: 0.5
  m_AutoUVMaxAngle: 89
  m_LightmapParameters: {fileID: 0}
  m_SortingLayerID: 0
  m_SortingLayer: 0
  m_SortingOrder: 0
  m_AdditionalVertexStreams: {fileID: 0}
--- !u!65 &892365714058424015
BoxCollider:
  m_ObjectHideFlags: 0
  m_CorrespondingSourceObject: {fileID: 0}
  m_PrefabInstance: {fileID: 0}
  m_PrefabAsset: {fileID: 0}
  m_GameObject: {fileID: 7289603986746098131}
  m_Material: {fileID: 0}
  m_IncludeLayers:
    serializedVersion: 2
    m_Bits: 0
  m_ExcludeLayers:
    serializedVersion: 2
    m_Bits: 0
  m_LayerOverridePriority: 0
  m_IsTrigger: 0
  m_ProvidesContacts: 0
  m_Enabled: 1
  serializedVersion: 3
  m_Size: {x: 1, y: 1, z: 1}
  m_Center: {x: 0, y: 0, z: 0}
--- !u!1 &7298553263945910045
GameObject:
  m_ObjectHideFlags: 0
  m_CorrespondingSourceObject: {fileID: 0}
  m_PrefabInstance: {fileID: 0}
  m_PrefabAsset: {fileID: 0}
  serializedVersion: 6
  m_Component:
  - component: {fileID: 1413699250669313522}
  m_Layer: 0
  m_Name: Agents
  m_TagString: Untagged
  m_Icon: {fileID: 0}
  m_NavMeshLayer: 0
  m_StaticEditorFlags: 0
  m_IsActive: 1
--- !u!4 &1413699250669313522
Transform:
  m_ObjectHideFlags: 0
  m_CorrespondingSourceObject: {fileID: 0}
  m_PrefabInstance: {fileID: 0}
  m_PrefabAsset: {fileID: 0}
  m_GameObject: {fileID: 7298553263945910045}
  m_LocalRotation: {x: 0, y: 0, z: 0, w: 1}
  m_LocalPosition: {x: 0, y: 0, z: 0}
  m_LocalScale: {x: 1, y: 1, z: 1}
  m_ConstrainProportionsScale: 0
  m_Children:
  - {fileID: 4431198366152608935}
  - {fileID: 2759513475039331487}
  - {fileID: 4352532727361363747}
  - {fileID: 8493860263286547693}
  m_Father: {fileID: 5029461075644088656}
  m_RootOrder: 0
  m_LocalEulerAnglesHint: {x: 0, y: 0, z: 0}
--- !u!1001 &568430230250958826
PrefabInstance:
  m_ObjectHideFlags: 0
  serializedVersion: 2
  m_Modification:
    serializedVersion: 3
    m_TransformParent: {fileID: 1413699250669313522}
    m_Modifications:
    - target: {fileID: 336504708005571761, guid: d71f22963718fbf4b8642175a5beb606, type: 3}
      propertyPath: group
      value: 2
      objectReference: {fileID: 0}
    - target: {fileID: 8215472406520892161, guid: d71f22963718fbf4b8642175a5beb606, type: 3}
      propertyPath: m_Model
      value: 
      objectReference: {fileID: 5022602860645237092, guid: 4e8626db9f8d7c1419861ed44037f6e8, type: 3}
    - target: {fileID: 8215472406520892164, guid: d71f22963718fbf4b8642175a5beb606, type: 3}
      propertyPath: m_Name
      value: Agent (3)
      objectReference: {fileID: 0}
    - target: {fileID: 8215472406520892167, guid: d71f22963718fbf4b8642175a5beb606, type: 3}
      propertyPath: m_RootOrder
      value: 3
      objectReference: {fileID: 0}
    - target: {fileID: 8215472406520892167, guid: d71f22963718fbf4b8642175a5beb606, type: 3}
      propertyPath: m_LocalPosition.x
      value: 6.41
      objectReference: {fileID: 0}
    - target: {fileID: 8215472406520892167, guid: d71f22963718fbf4b8642175a5beb606, type: 3}
      propertyPath: m_LocalPosition.y
      value: 0
      objectReference: {fileID: 0}
    - target: {fileID: 8215472406520892167, guid: d71f22963718fbf4b8642175a5beb606, type: 3}
      propertyPath: m_LocalPosition.z
      value: -8.27
      objectReference: {fileID: 0}
    - target: {fileID: 8215472406520892167, guid: d71f22963718fbf4b8642175a5beb606, type: 3}
      propertyPath: m_LocalRotation.w
      value: 0.7071068
      objectReference: {fileID: 0}
    - target: {fileID: 8215472406520892167, guid: d71f22963718fbf4b8642175a5beb606, type: 3}
      propertyPath: m_LocalRotation.x
      value: 0
      objectReference: {fileID: 0}
    - target: {fileID: 8215472406520892167, guid: d71f22963718fbf4b8642175a5beb606, type: 3}
      propertyPath: m_LocalRotation.y
      value: -0.7071068
      objectReference: {fileID: 0}
    - target: {fileID: 8215472406520892167, guid: d71f22963718fbf4b8642175a5beb606, type: 3}
      propertyPath: m_LocalRotation.z
      value: 0
      objectReference: {fileID: 0}
    - target: {fileID: 8215472406520892167, guid: d71f22963718fbf4b8642175a5beb606, type: 3}
      propertyPath: m_LocalEulerAnglesHint.x
      value: 0
      objectReference: {fileID: 0}
    - target: {fileID: 8215472406520892167, guid: d71f22963718fbf4b8642175a5beb606, type: 3}
      propertyPath: m_LocalEulerAnglesHint.y
      value: -90
      objectReference: {fileID: 0}
    - target: {fileID: 8215472406520892167, guid: d71f22963718fbf4b8642175a5beb606, type: 3}
      propertyPath: m_LocalEulerAnglesHint.z
      value: 0
      objectReference: {fileID: 0}
    m_RemovedComponents: []
    m_RemovedGameObjects: []
    m_AddedGameObjects: []
    m_AddedComponents: []
  m_SourcePrefab: {fileID: 100100000, guid: d71f22963718fbf4b8642175a5beb606, type: 3}
--- !u!4 &8493860263286547693 stripped
Transform:
  m_CorrespondingSourceObject: {fileID: 8215472406520892167, guid: d71f22963718fbf4b8642175a5beb606, type: 3}
  m_PrefabInstance: {fileID: 568430230250958826}
  m_PrefabAsset: {fileID: 0}
--- !u!1001 &1701990984419774426
PrefabInstance:
  m_ObjectHideFlags: 0
  serializedVersion: 2
  m_Modification:
    serializedVersion: 3
    m_TransformParent: {fileID: 1564152107172565405}
    m_Modifications:
    - target: {fileID: 4396988122849710397, guid: d8645800da04d39419f3182da962b1a1, type: 3}
      propertyPath: m_RootOrder
      value: 0
      objectReference: {fileID: 0}
    - target: {fileID: 4396988122849710397, guid: d8645800da04d39419f3182da962b1a1, type: 3}
      propertyPath: m_LocalScale.x
      value: 2.51
      objectReference: {fileID: 0}
    - target: {fileID: 4396988122849710397, guid: d8645800da04d39419f3182da962b1a1, type: 3}
      propertyPath: m_LocalScale.z
      value: 0.29
      objectReference: {fileID: 0}
    - target: {fileID: 4396988122849710397, guid: d8645800da04d39419f3182da962b1a1, type: 3}
      propertyPath: m_LocalPosition.x
      value: -1.36
      objectReference: {fileID: 0}
    - target: {fileID: 4396988122849710397, guid: d8645800da04d39419f3182da962b1a1, type: 3}
      propertyPath: m_LocalPosition.y
      value: 0
      objectReference: {fileID: 0}
    - target: {fileID: 4396988122849710397, guid: d8645800da04d39419f3182da962b1a1, type: 3}
      propertyPath: m_LocalPosition.z
      value: -8.32
      objectReference: {fileID: 0}
    - target: {fileID: 4396988122849710397, guid: d8645800da04d39419f3182da962b1a1, type: 3}
      propertyPath: m_LocalRotation.w
      value: 0.7071068
      objectReference: {fileID: 0}
    - target: {fileID: 4396988122849710397, guid: d8645800da04d39419f3182da962b1a1, type: 3}
      propertyPath: m_LocalRotation.x
      value: 0
      objectReference: {fileID: 0}
    - target: {fileID: 4396988122849710397, guid: d8645800da04d39419f3182da962b1a1, type: 3}
      propertyPath: m_LocalRotation.y
      value: 0.7071068
      objectReference: {fileID: 0}
    - target: {fileID: 4396988122849710397, guid: d8645800da04d39419f3182da962b1a1, type: 3}
      propertyPath: m_LocalRotation.z
      value: 0
      objectReference: {fileID: 0}
    - target: {fileID: 4396988122849710397, guid: d8645800da04d39419f3182da962b1a1, type: 3}
      propertyPath: m_LocalEulerAnglesHint.x
      value: 0
      objectReference: {fileID: 0}
    - target: {fileID: 4396988122849710397, guid: d8645800da04d39419f3182da962b1a1, type: 3}
      propertyPath: m_LocalEulerAnglesHint.y
      value: 90
      objectReference: {fileID: 0}
    - target: {fileID: 4396988122849710397, guid: d8645800da04d39419f3182da962b1a1, type: 3}
      propertyPath: m_LocalEulerAnglesHint.z
      value: 0
      objectReference: {fileID: 0}
    - target: {fileID: 5100605169048107219, guid: d8645800da04d39419f3182da962b1a1, type: 3}
      propertyPath: group
      value: 1
      objectReference: {fileID: 0}
    - target: {fileID: 5100605169048107219, guid: d8645800da04d39419f3182da962b1a1, type: 3}
      propertyPath: targetType
      value: 1
      objectReference: {fileID: 0}
    - target: {fileID: 5695143438376696120, guid: d8645800da04d39419f3182da962b1a1, type: 3}
      propertyPath: m_Name
      value: Target
      objectReference: {fileID: 0}
    - target: {fileID: 5695143438376696120, guid: d8645800da04d39419f3182da962b1a1, type: 3}
      propertyPath: m_Layer
      value: 24
      objectReference: {fileID: 0}
    m_RemovedComponents: []
    m_RemovedGameObjects: []
    m_AddedGameObjects: []
    m_AddedComponents: []
  m_SourcePrefab: {fileID: 100100000, guid: d8645800da04d39419f3182da962b1a1, type: 3}
--- !u!4 &3070208849913028327 stripped
Transform:
  m_CorrespondingSourceObject: {fileID: 4396988122849710397, guid: d8645800da04d39419f3182da962b1a1, type: 3}
  m_PrefabInstance: {fileID: 1701990984419774426}
  m_PrefabAsset: {fileID: 0}
--- !u!1001 &3779662883658770847
PrefabInstance:
  m_ObjectHideFlags: 0
  serializedVersion: 2
  m_Modification:
    serializedVersion: 3
    m_TransformParent: {fileID: 1564152107172565405}
    m_Modifications:
    - target: {fileID: 4396988122849710397, guid: d8645800da04d39419f3182da962b1a1, type: 3}
      propertyPath: m_RootOrder
      value: 2
      objectReference: {fileID: 0}
    - target: {fileID: 4396988122849710397, guid: d8645800da04d39419f3182da962b1a1, type: 3}
      propertyPath: m_LocalScale.x
      value: 2.51
      objectReference: {fileID: 0}
    - target: {fileID: 4396988122849710397, guid: d8645800da04d39419f3182da962b1a1, type: 3}
      propertyPath: m_LocalScale.z
      value: 0.29
      objectReference: {fileID: 0}
    - target: {fileID: 4396988122849710397, guid: d8645800da04d39419f3182da962b1a1, type: 3}
      propertyPath: m_LocalPosition.x
      value: 0
      objectReference: {fileID: 0}
    - target: {fileID: 4396988122849710397, guid: d8645800da04d39419f3182da962b1a1, type: 3}
      propertyPath: m_LocalPosition.y
      value: 0
      objectReference: {fileID: 0}
    - target: {fileID: 4396988122849710397, guid: d8645800da04d39419f3182da962b1a1, type: 3}
      propertyPath: m_LocalPosition.z
      value: -6.86
      objectReference: {fileID: 0}
    - target: {fileID: 4396988122849710397, guid: d8645800da04d39419f3182da962b1a1, type: 3}
      propertyPath: m_LocalRotation.w
      value: 1
      objectReference: {fileID: 0}
    - target: {fileID: 4396988122849710397, guid: d8645800da04d39419f3182da962b1a1, type: 3}
      propertyPath: m_LocalRotation.x
      value: 0
      objectReference: {fileID: 0}
    - target: {fileID: 4396988122849710397, guid: d8645800da04d39419f3182da962b1a1, type: 3}
      propertyPath: m_LocalRotation.y
      value: 0
      objectReference: {fileID: 0}
    - target: {fileID: 4396988122849710397, guid: d8645800da04d39419f3182da962b1a1, type: 3}
      propertyPath: m_LocalRotation.z
      value: 0
      objectReference: {fileID: 0}
    - target: {fileID: 4396988122849710397, guid: d8645800da04d39419f3182da962b1a1, type: 3}
      propertyPath: m_LocalEulerAnglesHint.x
      value: 0
      objectReference: {fileID: 0}
    - target: {fileID: 4396988122849710397, guid: d8645800da04d39419f3182da962b1a1, type: 3}
      propertyPath: m_LocalEulerAnglesHint.y
      value: 0
      objectReference: {fileID: 0}
    - target: {fileID: 4396988122849710397, guid: d8645800da04d39419f3182da962b1a1, type: 3}
      propertyPath: m_LocalEulerAnglesHint.z
      value: 0
      objectReference: {fileID: 0}
    - target: {fileID: 5100605169048107219, guid: d8645800da04d39419f3182da962b1a1, type: 3}
      propertyPath: targetType
      value: 1
      objectReference: {fileID: 0}
    - target: {fileID: 5695143438376696120, guid: d8645800da04d39419f3182da962b1a1, type: 3}
      propertyPath: m_Name
      value: Target (2)
      objectReference: {fileID: 0}
    - target: {fileID: 5695143438376696120, guid: d8645800da04d39419f3182da962b1a1, type: 3}
      propertyPath: m_Layer
      value: 19
      objectReference: {fileID: 0}
    m_RemovedComponents: []
    m_RemovedGameObjects: []
    m_AddedGameObjects: []
    m_AddedComponents: []
  m_SourcePrefab: {fileID: 100100000, guid: d8645800da04d39419f3182da962b1a1, type: 3}
--- !u!4 &680380248619235490 stripped
Transform:
  m_CorrespondingSourceObject: {fileID: 4396988122849710397, guid: d8645800da04d39419f3182da962b1a1, type: 3}
  m_PrefabInstance: {fileID: 3779662883658770847}
  m_PrefabAsset: {fileID: 0}
--- !u!1001 &5383933852251387858
PrefabInstance:
  m_ObjectHideFlags: 0
  serializedVersion: 2
  m_Modification:
    serializedVersion: 3
    m_TransformParent: {fileID: 1564152107172565405}
    m_Modifications:
    - target: {fileID: 4396988122849710397, guid: d8645800da04d39419f3182da962b1a1, type: 3}
      propertyPath: m_RootOrder
      value: 5
      objectReference: {fileID: 0}
    - target: {fileID: 4396988122849710397, guid: d8645800da04d39419f3182da962b1a1, type: 3}
      propertyPath: m_LocalScale.x
      value: 2.51
      objectReference: {fileID: 0}
    - target: {fileID: 4396988122849710397, guid: d8645800da04d39419f3182da962b1a1, type: 3}
      propertyPath: m_LocalScale.z
      value: 0.29
      objectReference: {fileID: 0}
    - target: {fileID: 4396988122849710397, guid: d8645800da04d39419f3182da962b1a1, type: 3}
      propertyPath: m_LocalPosition.x
      value: 0
      objectReference: {fileID: 0}
    - target: {fileID: 4396988122849710397, guid: d8645800da04d39419f3182da962b1a1, type: 3}
      propertyPath: m_LocalPosition.y
      value: 0
      objectReference: {fileID: 0}
    - target: {fileID: 4396988122849710397, guid: d8645800da04d39419f3182da962b1a1, type: 3}
      propertyPath: m_LocalPosition.z
      value: 4.77
      objectReference: {fileID: 0}
    - target: {fileID: 4396988122849710397, guid: d8645800da04d39419f3182da962b1a1, type: 3}
      propertyPath: m_LocalRotation.w
      value: 1
      objectReference: {fileID: 0}
    - target: {fileID: 4396988122849710397, guid: d8645800da04d39419f3182da962b1a1, type: 3}
      propertyPath: m_LocalRotation.x
      value: 0
      objectReference: {fileID: 0}
    - target: {fileID: 4396988122849710397, guid: d8645800da04d39419f3182da962b1a1, type: 3}
      propertyPath: m_LocalRotation.y
      value: 0
      objectReference: {fileID: 0}
    - target: {fileID: 4396988122849710397, guid: d8645800da04d39419f3182da962b1a1, type: 3}
      propertyPath: m_LocalRotation.z
      value: 0
      objectReference: {fileID: 0}
    - target: {fileID: 4396988122849710397, guid: d8645800da04d39419f3182da962b1a1, type: 3}
      propertyPath: m_LocalEulerAnglesHint.x
      value: 0
      objectReference: {fileID: 0}
    - target: {fileID: 4396988122849710397, guid: d8645800da04d39419f3182da962b1a1, type: 3}
      propertyPath: m_LocalEulerAnglesHint.y
      value: 0
      objectReference: {fileID: 0}
    - target: {fileID: 4396988122849710397, guid: d8645800da04d39419f3182da962b1a1, type: 3}
      propertyPath: m_LocalEulerAnglesHint.z
      value: 0
      objectReference: {fileID: 0}
    - target: {fileID: 5100605169048107219, guid: d8645800da04d39419f3182da962b1a1, type: 3}
      propertyPath: targetType
      value: 1
      objectReference: {fileID: 0}
    - target: {fileID: 5695143438376696120, guid: d8645800da04d39419f3182da962b1a1, type: 3}
      propertyPath: m_Name
      value: Target (5)
      objectReference: {fileID: 0}
    - target: {fileID: 5695143438376696120, guid: d8645800da04d39419f3182da962b1a1, type: 3}
      propertyPath: m_Layer
      value: 19
      objectReference: {fileID: 0}
    m_RemovedComponents: []
    m_RemovedGameObjects: []
    m_AddedGameObjects: []
    m_AddedComponents: []
  m_SourcePrefab: {fileID: 100100000, guid: d8645800da04d39419f3182da962b1a1, type: 3}
--- !u!4 &8625147787575912175 stripped
Transform:
  m_CorrespondingSourceObject: {fileID: 4396988122849710397, guid: d8645800da04d39419f3182da962b1a1, type: 3}
  m_PrefabInstance: {fileID: 5383933852251387858}
  m_PrefabAsset: {fileID: 0}
--- !u!1001 &5648769387013952548
PrefabInstance:
  m_ObjectHideFlags: 0
  serializedVersion: 2
  m_Modification:
    serializedVersion: 3
    m_TransformParent: {fileID: 1413699250669313522}
    m_Modifications:
    - target: {fileID: 336504708005571761, guid: d71f22963718fbf4b8642175a5beb606, type: 3}
      propertyPath: group
      value: 2
      objectReference: {fileID: 0}
    - target: {fileID: 8215472406520892161, guid: d71f22963718fbf4b8642175a5beb606, type: 3}
      propertyPath: m_Model
      value: 
      objectReference: {fileID: 5022602860645237092, guid: 4e8626db9f8d7c1419861ed44037f6e8, type: 3}
    - target: {fileID: 8215472406520892164, guid: d71f22963718fbf4b8642175a5beb606, type: 3}
      propertyPath: m_Name
      value: Agent (2)
      objectReference: {fileID: 0}
    - target: {fileID: 8215472406520892167, guid: d71f22963718fbf4b8642175a5beb606, type: 3}
      propertyPath: m_RootOrder
      value: 2
      objectReference: {fileID: 0}
    - target: {fileID: 8215472406520892167, guid: d71f22963718fbf4b8642175a5beb606, type: 3}
      propertyPath: m_LocalPosition.x
      value: 8.6
      objectReference: {fileID: 0}
    - target: {fileID: 8215472406520892167, guid: d71f22963718fbf4b8642175a5beb606, type: 3}
      propertyPath: m_LocalPosition.y
      value: 0
      objectReference: {fileID: 0}
    - target: {fileID: 8215472406520892167, guid: d71f22963718fbf4b8642175a5beb606, type: 3}
      propertyPath: m_LocalPosition.z
      value: -8.27
      objectReference: {fileID: 0}
    - target: {fileID: 8215472406520892167, guid: d71f22963718fbf4b8642175a5beb606, type: 3}
      propertyPath: m_LocalRotation.w
      value: 0.7071068
      objectReference: {fileID: 0}
    - target: {fileID: 8215472406520892167, guid: d71f22963718fbf4b8642175a5beb606, type: 3}
      propertyPath: m_LocalRotation.x
      value: 0
      objectReference: {fileID: 0}
    - target: {fileID: 8215472406520892167, guid: d71f22963718fbf4b8642175a5beb606, type: 3}
      propertyPath: m_LocalRotation.y
      value: -0.7071068
      objectReference: {fileID: 0}
    - target: {fileID: 8215472406520892167, guid: d71f22963718fbf4b8642175a5beb606, type: 3}
      propertyPath: m_LocalRotation.z
      value: 0
      objectReference: {fileID: 0}
    - target: {fileID: 8215472406520892167, guid: d71f22963718fbf4b8642175a5beb606, type: 3}
      propertyPath: m_LocalEulerAnglesHint.x
      value: 0
      objectReference: {fileID: 0}
    - target: {fileID: 8215472406520892167, guid: d71f22963718fbf4b8642175a5beb606, type: 3}
      propertyPath: m_LocalEulerAnglesHint.y
      value: -90
      objectReference: {fileID: 0}
    - target: {fileID: 8215472406520892167, guid: d71f22963718fbf4b8642175a5beb606, type: 3}
      propertyPath: m_LocalEulerAnglesHint.z
      value: 0
      objectReference: {fileID: 0}
    m_RemovedComponents: []
    m_RemovedGameObjects: []
    m_AddedGameObjects: []
    m_AddedComponents: []
  m_SourcePrefab: {fileID: 100100000, guid: d71f22963718fbf4b8642175a5beb606, type: 3}
--- !u!4 &4352532727361363747 stripped
Transform:
  m_CorrespondingSourceObject: {fileID: 8215472406520892167, guid: d71f22963718fbf4b8642175a5beb606, type: 3}
  m_PrefabInstance: {fileID: 5648769387013952548}
  m_PrefabAsset: {fileID: 0}
--- !u!1001 &5728015569557571488
PrefabInstance:
  m_ObjectHideFlags: 0
  serializedVersion: 2
  m_Modification:
    serializedVersion: 3
    m_TransformParent: {fileID: 1413699250669313522}
    m_Modifications:
    - target: {fileID: 336504708005571761, guid: d71f22963718fbf4b8642175a5beb606, type: 3}
      propertyPath: group
      value: 1
      objectReference: {fileID: 0}
    - target: {fileID: 8215472406520892161, guid: d71f22963718fbf4b8642175a5beb606, type: 3}
      propertyPath: m_Model
      value: 
      objectReference: {fileID: 5022602860645237092, guid: 4e8626db9f8d7c1419861ed44037f6e8, type: 3}
    - target: {fileID: 8215472406520892164, guid: d71f22963718fbf4b8642175a5beb606, type: 3}
      propertyPath: m_Name
      value: Agent
      objectReference: {fileID: 0}
    - target: {fileID: 8215472406520892167, guid: d71f22963718fbf4b8642175a5beb606, type: 3}
      propertyPath: m_RootOrder
      value: 0
      objectReference: {fileID: 0}
    - target: {fileID: 8215472406520892167, guid: d71f22963718fbf4b8642175a5beb606, type: 3}
      propertyPath: m_LocalPosition.x
      value: -8.63
      objectReference: {fileID: 0}
    - target: {fileID: 8215472406520892167, guid: d71f22963718fbf4b8642175a5beb606, type: 3}
      propertyPath: m_LocalPosition.y
      value: 0
      objectReference: {fileID: 0}
    - target: {fileID: 8215472406520892167, guid: d71f22963718fbf4b8642175a5beb606, type: 3}
      propertyPath: m_LocalPosition.z
      value: -8.25
      objectReference: {fileID: 0}
    - target: {fileID: 8215472406520892167, guid: d71f22963718fbf4b8642175a5beb606, type: 3}
      propertyPath: m_LocalRotation.w
      value: 0.7071068
      objectReference: {fileID: 0}
    - target: {fileID: 8215472406520892167, guid: d71f22963718fbf4b8642175a5beb606, type: 3}
      propertyPath: m_LocalRotation.x
      value: -0
      objectReference: {fileID: 0}
    - target: {fileID: 8215472406520892167, guid: d71f22963718fbf4b8642175a5beb606, type: 3}
      propertyPath: m_LocalRotation.y
      value: 0.7071068
      objectReference: {fileID: 0}
    - target: {fileID: 8215472406520892167, guid: d71f22963718fbf4b8642175a5beb606, type: 3}
      propertyPath: m_LocalRotation.z
      value: -0
      objectReference: {fileID: 0}
    - target: {fileID: 8215472406520892167, guid: d71f22963718fbf4b8642175a5beb606, type: 3}
      propertyPath: m_LocalEulerAnglesHint.x
      value: 0
      objectReference: {fileID: 0}
    - target: {fileID: 8215472406520892167, guid: d71f22963718fbf4b8642175a5beb606, type: 3}
      propertyPath: m_LocalEulerAnglesHint.y
      value: 90
      objectReference: {fileID: 0}
    - target: {fileID: 8215472406520892167, guid: d71f22963718fbf4b8642175a5beb606, type: 3}
      propertyPath: m_LocalEulerAnglesHint.z
      value: 0
      objectReference: {fileID: 0}
    m_RemovedComponents: []
    m_RemovedGameObjects: []
    m_AddedGameObjects: []
    m_AddedComponents: []
  m_SourcePrefab: {fileID: 100100000, guid: d71f22963718fbf4b8642175a5beb606, type: 3}
--- !u!4 &4431198366152608935 stripped
Transform:
  m_CorrespondingSourceObject: {fileID: 8215472406520892167, guid: d71f22963718fbf4b8642175a5beb606, type: 3}
  m_PrefabInstance: {fileID: 5728015569557571488}
  m_PrefabAsset: {fileID: 0}
--- !u!1001 &6073379262175121304
PrefabInstance:
  m_ObjectHideFlags: 0
  serializedVersion: 2
  m_Modification:
    serializedVersion: 3
    m_TransformParent: {fileID: 1413699250669313522}
    m_Modifications:
    - target: {fileID: 336504708005571761, guid: d71f22963718fbf4b8642175a5beb606, type: 3}
      propertyPath: group
      value: 1
      objectReference: {fileID: 0}
    - target: {fileID: 8215472406520892161, guid: d71f22963718fbf4b8642175a5beb606, type: 3}
      propertyPath: m_Model
      value: 
      objectReference: {fileID: 5022602860645237092, guid: 4e8626db9f8d7c1419861ed44037f6e8, type: 3}
    - target: {fileID: 8215472406520892164, guid: d71f22963718fbf4b8642175a5beb606, type: 3}
      propertyPath: m_Name
      value: Agent (1)
      objectReference: {fileID: 0}
    - target: {fileID: 8215472406520892167, guid: d71f22963718fbf4b8642175a5beb606, type: 3}
      propertyPath: m_RootOrder
      value: 1
      objectReference: {fileID: 0}
    - target: {fileID: 8215472406520892167, guid: d71f22963718fbf4b8642175a5beb606, type: 3}
      propertyPath: m_LocalPosition.x
      value: -6.27
      objectReference: {fileID: 0}
    - target: {fileID: 8215472406520892167, guid: d71f22963718fbf4b8642175a5beb606, type: 3}
      propertyPath: m_LocalPosition.y
      value: 0
      objectReference: {fileID: 0}
    - target: {fileID: 8215472406520892167, guid: d71f22963718fbf4b8642175a5beb606, type: 3}
      propertyPath: m_LocalPosition.z
      value: -8.27
      objectReference: {fileID: 0}
    - target: {fileID: 8215472406520892167, guid: d71f22963718fbf4b8642175a5beb606, type: 3}
      propertyPath: m_LocalRotation.w
      value: 0.7071068
      objectReference: {fileID: 0}
    - target: {fileID: 8215472406520892167, guid: d71f22963718fbf4b8642175a5beb606, type: 3}
      propertyPath: m_LocalRotation.x
      value: -0
      objectReference: {fileID: 0}
    - target: {fileID: 8215472406520892167, guid: d71f22963718fbf4b8642175a5beb606, type: 3}
      propertyPath: m_LocalRotation.y
      value: 0.7071068
      objectReference: {fileID: 0}
    - target: {fileID: 8215472406520892167, guid: d71f22963718fbf4b8642175a5beb606, type: 3}
      propertyPath: m_LocalRotation.z
      value: -0
      objectReference: {fileID: 0}
    - target: {fileID: 8215472406520892167, guid: d71f22963718fbf4b8642175a5beb606, type: 3}
      propertyPath: m_LocalEulerAnglesHint.x
      value: 0
      objectReference: {fileID: 0}
    - target: {fileID: 8215472406520892167, guid: d71f22963718fbf4b8642175a5beb606, type: 3}
      propertyPath: m_LocalEulerAnglesHint.y
      value: 90
      objectReference: {fileID: 0}
    - target: {fileID: 8215472406520892167, guid: d71f22963718fbf4b8642175a5beb606, type: 3}
      propertyPath: m_LocalEulerAnglesHint.z
      value: 0
      objectReference: {fileID: 0}
    m_RemovedComponents: []
    m_RemovedGameObjects: []
    m_AddedGameObjects: []
    m_AddedComponents: []
  m_SourcePrefab: {fileID: 100100000, guid: d71f22963718fbf4b8642175a5beb606, type: 3}
--- !u!4 &2759513475039331487 stripped
Transform:
  m_CorrespondingSourceObject: {fileID: 8215472406520892167, guid: d71f22963718fbf4b8642175a5beb606, type: 3}
  m_PrefabInstance: {fileID: 6073379262175121304}
  m_PrefabAsset: {fileID: 0}
--- !u!1001 &6568750649416476788
PrefabInstance:
  m_ObjectHideFlags: 0
  serializedVersion: 2
  m_Modification:
    serializedVersion: 3
    m_TransformParent: {fileID: 5029461075644088656}
    m_Modifications:
    - target: {fileID: 7029880133630607927, guid: c6363ce501579254297ef5b80ffb67fc, type: 3}
      propertyPath: m_Name
      value: Canvas
      objectReference: {fileID: 0}
    - target: {fileID: 8467593278458667575, guid: c6363ce501579254297ef5b80ffb67fc, type: 3}
      propertyPath: m_Pivot.x
      value: 1
      objectReference: {fileID: 0}
    - target: {fileID: 8467593278458667575, guid: c6363ce501579254297ef5b80ffb67fc, type: 3}
      propertyPath: m_Pivot.y
      value: 1
      objectReference: {fileID: 0}
    - target: {fileID: 8467593278458667575, guid: c6363ce501579254297ef5b80ffb67fc, type: 3}
      propertyPath: m_RootOrder
      value: 3
      objectReference: {fileID: 0}
    - target: {fileID: 8467593278458667575, guid: c6363ce501579254297ef5b80ffb67fc, type: 3}
      propertyPath: m_AnchorMax.x
      value: 0
      objectReference: {fileID: 0}
    - target: {fileID: 8467593278458667575, guid: c6363ce501579254297ef5b80ffb67fc, type: 3}
      propertyPath: m_AnchorMax.y
      value: 0
      objectReference: {fileID: 0}
    - target: {fileID: 8467593278458667575, guid: c6363ce501579254297ef5b80ffb67fc, type: 3}
      propertyPath: m_AnchorMin.x
      value: 0
      objectReference: {fileID: 0}
    - target: {fileID: 8467593278458667575, guid: c6363ce501579254297ef5b80ffb67fc, type: 3}
      propertyPath: m_AnchorMin.y
      value: 0
      objectReference: {fileID: 0}
    - target: {fileID: 8467593278458667575, guid: c6363ce501579254297ef5b80ffb67fc, type: 3}
      propertyPath: m_SizeDelta.x
      value: 0
      objectReference: {fileID: 0}
    - target: {fileID: 8467593278458667575, guid: c6363ce501579254297ef5b80ffb67fc, type: 3}
      propertyPath: m_SizeDelta.y
      value: 0
      objectReference: {fileID: 0}
    - target: {fileID: 8467593278458667575, guid: c6363ce501579254297ef5b80ffb67fc, type: 3}
      propertyPath: m_LocalPosition.x
      value: 0
      objectReference: {fileID: 0}
    - target: {fileID: 8467593278458667575, guid: c6363ce501579254297ef5b80ffb67fc, type: 3}
      propertyPath: m_LocalPosition.y
      value: 0
      objectReference: {fileID: 0}
    - target: {fileID: 8467593278458667575, guid: c6363ce501579254297ef5b80ffb67fc, type: 3}
      propertyPath: m_LocalPosition.z
      value: -2.55
      objectReference: {fileID: 0}
    - target: {fileID: 8467593278458667575, guid: c6363ce501579254297ef5b80ffb67fc, type: 3}
      propertyPath: m_LocalRotation.w
      value: 0.7071068
      objectReference: {fileID: 0}
    - target: {fileID: 8467593278458667575, guid: c6363ce501579254297ef5b80ffb67fc, type: 3}
      propertyPath: m_LocalRotation.x
      value: 0.7071068
      objectReference: {fileID: 0}
    - target: {fileID: 8467593278458667575, guid: c6363ce501579254297ef5b80ffb67fc, type: 3}
      propertyPath: m_LocalRotation.y
      value: -0
      objectReference: {fileID: 0}
    - target: {fileID: 8467593278458667575, guid: c6363ce501579254297ef5b80ffb67fc, type: 3}
      propertyPath: m_LocalRotation.z
      value: -0
      objectReference: {fileID: 0}
    - target: {fileID: 8467593278458667575, guid: c6363ce501579254297ef5b80ffb67fc, type: 3}
      propertyPath: m_AnchoredPosition.x
      value: 0
      objectReference: {fileID: 0}
    - target: {fileID: 8467593278458667575, guid: c6363ce501579254297ef5b80ffb67fc, type: 3}
      propertyPath: m_AnchoredPosition.y
      value: 0
      objectReference: {fileID: 0}
    - target: {fileID: 8467593278458667575, guid: c6363ce501579254297ef5b80ffb67fc, type: 3}
      propertyPath: m_LocalEulerAnglesHint.x
      value: 90
      objectReference: {fileID: 0}
    - target: {fileID: 8467593278458667575, guid: c6363ce501579254297ef5b80ffb67fc, type: 3}
      propertyPath: m_LocalEulerAnglesHint.y
      value: 90
      objectReference: {fileID: 0}
    - target: {fileID: 8467593278458667575, guid: c6363ce501579254297ef5b80ffb67fc, type: 3}
      propertyPath: m_LocalEulerAnglesHint.z
      value: 90
      objectReference: {fileID: 0}
    m_RemovedComponents: []
    m_RemovedGameObjects: []
    m_AddedGameObjects: []
    m_AddedComponents: []
  m_SourcePrefab: {fileID: 100100000, guid: c6363ce501579254297ef5b80ffb67fc, type: 3}
--- !u!114 &670272202179545059 stripped
MonoBehaviour:
  m_CorrespondingSourceObject: {fileID: 5937339622755331991, guid: c6363ce501579254297ef5b80ffb67fc, type: 3}
  m_PrefabInstance: {fileID: 6568750649416476788}
  m_PrefabAsset: {fileID: 0}
  m_GameObject: {fileID: 0}
  m_Enabled: 1
  m_EditorHideFlags: 0
  m_Script: {fileID: 11500000, guid: 5f7201a12d95ffc409449d95f23cf332, type: 3}
  m_Name: 
  m_EditorClassIdentifier: 
--- !u!224 &3362514161653664323 stripped
RectTransform:
  m_CorrespondingSourceObject: {fileID: 8467593278458667575, guid: c6363ce501579254297ef5b80ffb67fc, type: 3}
  m_PrefabInstance: {fileID: 6568750649416476788}
  m_PrefabAsset: {fileID: 0}
--- !u!1001 &7177694893109167077
PrefabInstance:
  m_ObjectHideFlags: 0
  serializedVersion: 2
  m_Modification:
    serializedVersion: 3
    m_TransformParent: {fileID: 1564152107172565405}
    m_Modifications:
    - target: {fileID: 4396988122849710397, guid: d8645800da04d39419f3182da962b1a1, type: 3}
      propertyPath: m_RootOrder
      value: 3
      objectReference: {fileID: 0}
    - target: {fileID: 4396988122849710397, guid: d8645800da04d39419f3182da962b1a1, type: 3}
      propertyPath: m_LocalScale.x
      value: 2.51
      objectReference: {fileID: 0}
    - target: {fileID: 4396988122849710397, guid: d8645800da04d39419f3182da962b1a1, type: 3}
      propertyPath: m_LocalScale.z
      value: 0.94
      objectReference: {fileID: 0}
    - target: {fileID: 4396988122849710397, guid: d8645800da04d39419f3182da962b1a1, type: 3}
      propertyPath: m_LocalPosition.x
      value: 0
      objectReference: {fileID: 0}
    - target: {fileID: 4396988122849710397, guid: d8645800da04d39419f3182da962b1a1, type: 3}
      propertyPath: m_LocalPosition.y
      value: 0
      objectReference: {fileID: 0}
    - target: {fileID: 4396988122849710397, guid: d8645800da04d39419f3182da962b1a1, type: 3}
      propertyPath: m_LocalPosition.z
      value: 9.05
      objectReference: {fileID: 0}
    - target: {fileID: 4396988122849710397, guid: d8645800da04d39419f3182da962b1a1, type: 3}
      propertyPath: m_LocalRotation.w
      value: 1
      objectReference: {fileID: 0}
    - target: {fileID: 4396988122849710397, guid: d8645800da04d39419f3182da962b1a1, type: 3}
      propertyPath: m_LocalRotation.x
      value: 0
      objectReference: {fileID: 0}
    - target: {fileID: 4396988122849710397, guid: d8645800da04d39419f3182da962b1a1, type: 3}
      propertyPath: m_LocalRotation.y
      value: 0
      objectReference: {fileID: 0}
    - target: {fileID: 4396988122849710397, guid: d8645800da04d39419f3182da962b1a1, type: 3}
      propertyPath: m_LocalRotation.z
      value: 0
      objectReference: {fileID: 0}
    - target: {fileID: 4396988122849710397, guid: d8645800da04d39419f3182da962b1a1, type: 3}
      propertyPath: m_LocalEulerAnglesHint.x
      value: 0
      objectReference: {fileID: 0}
    - target: {fileID: 4396988122849710397, guid: d8645800da04d39419f3182da962b1a1, type: 3}
      propertyPath: m_LocalEulerAnglesHint.y
      value: 0
      objectReference: {fileID: 0}
    - target: {fileID: 4396988122849710397, guid: d8645800da04d39419f3182da962b1a1, type: 3}
      propertyPath: m_LocalEulerAnglesHint.z
      value: 0
      objectReference: {fileID: 0}
    - target: {fileID: 5695143438376696120, guid: d8645800da04d39419f3182da962b1a1, type: 3}
      propertyPath: m_Name
      value: Target (3)
      objectReference: {fileID: 0}
    m_RemovedComponents: []
    m_RemovedGameObjects: []
    m_AddedGameObjects: []
    m_AddedComponents: []
  m_SourcePrefab: {fileID: 100100000, guid: d8645800da04d39419f3182da962b1a1, type: 3}
--- !u!4 &6816609387088040664 stripped
Transform:
  m_CorrespondingSourceObject: {fileID: 4396988122849710397, guid: d8645800da04d39419f3182da962b1a1, type: 3}
  m_PrefabInstance: {fileID: 7177694893109167077}
  m_PrefabAsset: {fileID: 0}
--- !u!1001 &8543692913581417468
PrefabInstance:
  m_ObjectHideFlags: 0
  serializedVersion: 2
  m_Modification:
    serializedVersion: 3
    m_TransformParent: {fileID: 5029461075644088656}
    m_Modifications:
    - target: {fileID: 4108536845801240378, guid: 1f55f68bc7770a04e8e2436e7476e044, type: 3}
      propertyPath: m_RootOrder
      value: 2
      objectReference: {fileID: 0}
    - target: {fileID: 4108536845801240378, guid: 1f55f68bc7770a04e8e2436e7476e044, type: 3}
      propertyPath: m_LocalPosition.x
      value: 0
      objectReference: {fileID: 0}
    - target: {fileID: 4108536845801240378, guid: 1f55f68bc7770a04e8e2436e7476e044, type: 3}
      propertyPath: m_LocalPosition.y
      value: 0
      objectReference: {fileID: 0}
    - target: {fileID: 4108536845801240378, guid: 1f55f68bc7770a04e8e2436e7476e044, type: 3}
      propertyPath: m_LocalPosition.z
      value: 0
      objectReference: {fileID: 0}
    - target: {fileID: 4108536845801240378, guid: 1f55f68bc7770a04e8e2436e7476e044, type: 3}
      propertyPath: m_LocalRotation.w
      value: 1
      objectReference: {fileID: 0}
    - target: {fileID: 4108536845801240378, guid: 1f55f68bc7770a04e8e2436e7476e044, type: 3}
      propertyPath: m_LocalRotation.x
      value: -0
      objectReference: {fileID: 0}
    - target: {fileID: 4108536845801240378, guid: 1f55f68bc7770a04e8e2436e7476e044, type: 3}
      propertyPath: m_LocalRotation.y
      value: -0
      objectReference: {fileID: 0}
    - target: {fileID: 4108536845801240378, guid: 1f55f68bc7770a04e8e2436e7476e044, type: 3}
      propertyPath: m_LocalRotation.z
      value: -0
      objectReference: {fileID: 0}
    - target: {fileID: 4108536845801240378, guid: 1f55f68bc7770a04e8e2436e7476e044, type: 3}
      propertyPath: m_LocalEulerAnglesHint.x
      value: 0
      objectReference: {fileID: 0}
    - target: {fileID: 4108536845801240378, guid: 1f55f68bc7770a04e8e2436e7476e044, type: 3}
      propertyPath: m_LocalEulerAnglesHint.y
      value: 0
      objectReference: {fileID: 0}
    - target: {fileID: 4108536845801240378, guid: 1f55f68bc7770a04e8e2436e7476e044, type: 3}
      propertyPath: m_LocalEulerAnglesHint.z
      value: 0
      objectReference: {fileID: 0}
    - target: {fileID: 4108536845801240379, guid: 1f55f68bc7770a04e8e2436e7476e044, type: 3}
      propertyPath: m_Name
      value: AmbienteBase
      objectReference: {fileID: 0}
    m_RemovedComponents: []
    m_RemovedGameObjects: []
    m_AddedGameObjects: []
    m_AddedComponents: []
  m_SourcePrefab: {fileID: 100100000, guid: 1f55f68bc7770a04e8e2436e7476e044, type: 3}
--- !u!4 &5734559030032782534 stripped
Transform:
  m_CorrespondingSourceObject: {fileID: 4108536845801240378, guid: 1f55f68bc7770a04e8e2436e7476e044, type: 3}
  m_PrefabInstance: {fileID: 8543692913581417468}
  m_PrefabAsset: {fileID: 0}
--- !u!1001 &8566769283424205742
PrefabInstance:
  m_ObjectHideFlags: 0
  serializedVersion: 2
  m_Modification:
    serializedVersion: 3
    m_TransformParent: {fileID: 1564152107172565405}
    m_Modifications:
    - target: {fileID: 4396988122849710397, guid: d8645800da04d39419f3182da962b1a1, type: 3}
      propertyPath: m_RootOrder
      value: 1
      objectReference: {fileID: 0}
    - target: {fileID: 4396988122849710397, guid: d8645800da04d39419f3182da962b1a1, type: 3}
      propertyPath: m_LocalScale.x
      value: 2.51
      objectReference: {fileID: 0}
    - target: {fileID: 4396988122849710397, guid: d8645800da04d39419f3182da962b1a1, type: 3}
      propertyPath: m_LocalScale.z
      value: 0.29
      objectReference: {fileID: 0}
    - target: {fileID: 4396988122849710397, guid: d8645800da04d39419f3182da962b1a1, type: 3}
      propertyPath: m_LocalPosition.x
      value: 1.41
      objectReference: {fileID: 0}
    - target: {fileID: 4396988122849710397, guid: d8645800da04d39419f3182da962b1a1, type: 3}
      propertyPath: m_LocalPosition.y
      value: 0
      objectReference: {fileID: 0}
    - target: {fileID: 4396988122849710397, guid: d8645800da04d39419f3182da962b1a1, type: 3}
      propertyPath: m_LocalPosition.z
      value: -8.32
      objectReference: {fileID: 0}
    - target: {fileID: 4396988122849710397, guid: d8645800da04d39419f3182da962b1a1, type: 3}
      propertyPath: m_LocalRotation.w
      value: 0.7071068
      objectReference: {fileID: 0}
    - target: {fileID: 4396988122849710397, guid: d8645800da04d39419f3182da962b1a1, type: 3}
      propertyPath: m_LocalRotation.x
      value: 0
      objectReference: {fileID: 0}
    - target: {fileID: 4396988122849710397, guid: d8645800da04d39419f3182da962b1a1, type: 3}
      propertyPath: m_LocalRotation.y
      value: 0.7071068
      objectReference: {fileID: 0}
    - target: {fileID: 4396988122849710397, guid: d8645800da04d39419f3182da962b1a1, type: 3}
      propertyPath: m_LocalRotation.z
      value: 0
      objectReference: {fileID: 0}
    - target: {fileID: 4396988122849710397, guid: d8645800da04d39419f3182da962b1a1, type: 3}
      propertyPath: m_LocalEulerAnglesHint.x
      value: 0
      objectReference: {fileID: 0}
    - target: {fileID: 4396988122849710397, guid: d8645800da04d39419f3182da962b1a1, type: 3}
      propertyPath: m_LocalEulerAnglesHint.y
      value: 90
      objectReference: {fileID: 0}
    - target: {fileID: 4396988122849710397, guid: d8645800da04d39419f3182da962b1a1, type: 3}
      propertyPath: m_LocalEulerAnglesHint.z
      value: 0
      objectReference: {fileID: 0}
    - target: {fileID: 5100605169048107219, guid: d8645800da04d39419f3182da962b1a1, type: 3}
      propertyPath: group
      value: 2
      objectReference: {fileID: 0}
    - target: {fileID: 5100605169048107219, guid: d8645800da04d39419f3182da962b1a1, type: 3}
      propertyPath: targetType
      value: 1
      objectReference: {fileID: 0}
    - target: {fileID: 5695143438376696120, guid: d8645800da04d39419f3182da962b1a1, type: 3}
      propertyPath: m_Name
      value: Target (1)
      objectReference: {fileID: 0}
    - target: {fileID: 5695143438376696120, guid: d8645800da04d39419f3182da962b1a1, type: 3}
      propertyPath: m_Layer
      value: 25
      objectReference: {fileID: 0}
    m_RemovedComponents: []
    m_RemovedGameObjects: []
    m_AddedGameObjects: []
    m_AddedComponents: []
  m_SourcePrefab: {fileID: 100100000, guid: d8645800da04d39419f3182da962b1a1, type: 3}
--- !u!4 &5469193077546265235 stripped
Transform:
  m_CorrespondingSourceObject: {fileID: 4396988122849710397, guid: d8645800da04d39419f3182da962b1a1, type: 3}
  m_PrefabInstance: {fileID: 8566769283424205742}
  m_PrefabAsset: {fileID: 0}
--- !u!1001 &8788822045932044760
PrefabInstance:
  m_ObjectHideFlags: 0
  serializedVersion: 2
  m_Modification:
    serializedVersion: 3
    m_TransformParent: {fileID: 1564152107172565405}
    m_Modifications:
    - target: {fileID: 4396988122849710397, guid: d8645800da04d39419f3182da962b1a1, type: 3}
      propertyPath: m_RootOrder
      value: 4
      objectReference: {fileID: 0}
    - target: {fileID: 4396988122849710397, guid: d8645800da04d39419f3182da962b1a1, type: 3}
      propertyPath: m_LocalScale.x
      value: 2.51
      objectReference: {fileID: 0}
    - target: {fileID: 4396988122849710397, guid: d8645800da04d39419f3182da962b1a1, type: 3}
      propertyPath: m_LocalScale.z
      value: 0.29
      objectReference: {fileID: 0}
    - target: {fileID: 4396988122849710397, guid: d8645800da04d39419f3182da962b1a1, type: 3}
      propertyPath: m_LocalPosition.x
      value: -0.05
      objectReference: {fileID: 0}
    - target: {fileID: 4396988122849710397, guid: d8645800da04d39419f3182da962b1a1, type: 3}
      propertyPath: m_LocalPosition.y
      value: 0
      objectReference: {fileID: 0}
    - target: {fileID: 4396988122849710397, guid: d8645800da04d39419f3182da962b1a1, type: 3}
      propertyPath: m_LocalPosition.z
      value: -1.34
      objectReference: {fileID: 0}
    - target: {fileID: 4396988122849710397, guid: d8645800da04d39419f3182da962b1a1, type: 3}
      propertyPath: m_LocalRotation.w
      value: 1
      objectReference: {fileID: 0}
    - target: {fileID: 4396988122849710397, guid: d8645800da04d39419f3182da962b1a1, type: 3}
      propertyPath: m_LocalRotation.x
      value: 0
      objectReference: {fileID: 0}
    - target: {fileID: 4396988122849710397, guid: d8645800da04d39419f3182da962b1a1, type: 3}
      propertyPath: m_LocalRotation.y
      value: 0
      objectReference: {fileID: 0}
    - target: {fileID: 4396988122849710397, guid: d8645800da04d39419f3182da962b1a1, type: 3}
      propertyPath: m_LocalRotation.z
      value: 0
      objectReference: {fileID: 0}
    - target: {fileID: 4396988122849710397, guid: d8645800da04d39419f3182da962b1a1, type: 3}
      propertyPath: m_LocalEulerAnglesHint.x
      value: 0
      objectReference: {fileID: 0}
    - target: {fileID: 4396988122849710397, guid: d8645800da04d39419f3182da962b1a1, type: 3}
      propertyPath: m_LocalEulerAnglesHint.y
      value: 0
      objectReference: {fileID: 0}
    - target: {fileID: 4396988122849710397, guid: d8645800da04d39419f3182da962b1a1, type: 3}
      propertyPath: m_LocalEulerAnglesHint.z
      value: 0
      objectReference: {fileID: 0}
    - target: {fileID: 5100605169048107219, guid: d8645800da04d39419f3182da962b1a1, type: 3}
      propertyPath: targetType
      value: 1
      objectReference: {fileID: 0}
    - target: {fileID: 5695143438376696120, guid: d8645800da04d39419f3182da962b1a1, type: 3}
      propertyPath: m_Name
      value: Target (4)
      objectReference: {fileID: 0}
    - target: {fileID: 5695143438376696120, guid: d8645800da04d39419f3182da962b1a1, type: 3}
      propertyPath: m_Layer
      value: 19
      objectReference: {fileID: 0}
    m_RemovedComponents: []
    m_RemovedGameObjects: []
    m_AddedGameObjects: []
    m_AddedComponents: []
  m_SourcePrefab: {fileID: 100100000, guid: d8645800da04d39419f3182da962b1a1, type: 3}
--- !u!4 &4971154247433801957 stripped
Transform:
  m_CorrespondingSourceObject: {fileID: 4396988122849710397, guid: d8645800da04d39419f3182da962b1a1, type: 3}
  m_PrefabInstance: {fileID: 8788822045932044760}
  m_PrefabAsset: {fileID: 0}
